 Dungeon Sprint DCSS version 0.31-a0-66-ge618eeaa78 (webtiles) character file.

Game seed: 15835562623109137958

60 rocky1 the Poker (level 3, -1/36 HPs)
             Began as a Minotaur Fighter on May 20, 2023.
             Slain by a water elemental (7 damage)
             ... in the Dungeon (Sprint III: "The Ten Rune Challenge") on May 22, 2023.
             The game lasted 00:02:27 (169 turns).

rocky1 the Poker (Minotaur Fighter)                  Turns: 169, Time: 00:02:27

Health: -1/36      AC:  9    Str: 26    XL:     3   Next: 82%
Magic:  2/2        EV:  9    Int:  4    God:
Gold:   18         SH:  4    Dex:  8    Spells: 2/2 levels left

rFire   . . .        a - +0 trident
rCold   . . .        c - +0 buckler
rNeg    . . .        b - +0 scale mail
rPois   .            (helmet restricted)
rElec   .            (no cloak)
rCorr   .            (no gloves)
SInv    .            (no boots)
Will    .....        (no amulet) Stlth
                     (no ring)
HPRegen 0.26/turn    (no ring)
MPRegen 0.08/turn

%: no teleportation
@: engulfed (cannot breathe)
A: horns 2, retaliatory headbutt, iridescent scales 1, deterioration 1, strong 1
a: no special abilities


You were in the Dungeon.
You visited 1 branch You collected 18 gold pieces.

Inventory:

Hand Weapons
 a - a +0 trident (weapon)
Armour
 b - a +0 scale mail (worn)
 c - a +0 buckler (worn)
Scrolls
 j - a scroll of blinking
 k - a scroll of amnesia {unknown}
 l - 2 scrolls of immolation {unknown}
 m - a scroll of identify {unknown}
 n - a scroll of enchant weapon {unknown}
Potions
 d - a potion of might
 e - 2 potions of curing
 f - 2 potions of heal wounds
 g - a potion of haste
 h - 2 potions of magic
 i - a potion of berserk rage
 o - 2 potions of enlightenment
 p - 4 potions of mutation


   Skills:
 + Level 5.3 Fighting
 * Level 6.1 Polearms
 + Level 5.4 Armour
 + Level 5.4 Shields


You had 2 spell levels left.
You didn't know any spells.
Your spell library was empty.

Dungeon Overview and Level Annotations

Branches:
Dungeon (1/1)

Altars:


Innate Abilities, Weirdness & Mutations

You have a pair of horns on your head.
You reflexively headbutt those who attack you in melee.
You are partially covered in iridescent scales. (AC +2)
Your body sometimes deteriorates upon taking damage.
Your muscles are strong. (Str +4, Int/Dex -1)


Message History

You now have 18 gold pieces (gained 3).
You see here 2 potions of mutation.
p - 2 potions of mutation
p - 4 potions of mutation (gained 2);
p - 6 potions of mutation (gained 2)
There is an open door here.
Really quaff the potion of mutation?
You feel extremely strange.
You feel frail.
You feel robust.
You occasionally lose the ability to read scrolls when taking damage.
Okay, then.
Really quaff the potion of mutation?
You feel extremely strange.
You no longer become unable to read scrolls after taking damage.
You feel stronger.
You feel yourself wasting away.
Iridescent scales grow over part of your body.
You start resting.
HP restored.
Okay, then.
You open the door.
A water elemental comes into view.
You reach to attack!
You hit the water elemental.
The water elemental is lightly damaged.
You barely miss the water elemental. You headbutt the water elemental!
The water elemental is heavily damaged.
The water elemental hits you.
The water elemental engulfs you in water!
You hit the water elemental but do no damage.
The water elemental is heavily damaged.
Your lungs strain for air!
The water elemental hits you!
You barely miss the water elemental. You headbutt the water elemental.
The water elemental is heavily damaged.
Your lungs strain for air!
The water elemental closely misses you.
You puncture the water elemental!
The water elemental is almost destroyed.
* * * LOW HITPOINT WARNING * * *
Your lungs strain for air!
The water elemental hits you!
You die...

▓▓▓▓▓▓▓▓ ▓▓▓ <..#[..####
##.# ...#......#####..#
..##.......#..#..#
##.##.##...#..#..# #+#+#
##.##.###..##'#..#......
#.####)##..###..@E.⌠....
.###..##.†####...#...###
#.....##..###....# ⌠.#
###†.##...##.....# .#
##..##....#......# #
#..###..##.#.....# #..#
#..#####....# ▓▓▓▓ ▓▓▓▓
▓▓▓▓▓▓


You could see a water elemental.

Vanquished Creatures
  Jessica (D)
  A human (D)
  A wolf (D)
  An endoplasm (D)
  2 rats (D)
6 creatures vanquished.

Notes
Turn   | Place    | Note
-------+----------+-------------------------------------------
     0 | D        | rocky1 the Minotaur Fighter began the quest for the Orb.
     0 | D        | Reached XP level 1. HP: 19/19 MP: 0/0
     0 | D        | Upgraded the game from 0.31-a0-43-g46d131a48f to
                  | 0.31-a0-66-ge618eeaa78
     9 | D        | Reached skill level 3 in Polearms
    25 | D        | Noticed Jessica
    33 | D        | Killed Jessica
    34 | D        | Reached skill level 5 in Polearms
    34 | D        | Reached XP level 2. HP: 23/28 MP: 1/1
    61 | D        | Reached XP level 3. HP: 35/35 MP: 2/2
    81 | D        | Reached skill level 5 in Fighting
    81 | D        | Reached skill level 5 in Armour
    81 | D        | Reached skill level 5 in Shields
   121 | D        | Reached skill level 6 in Polearms
   147 | D        | Gained mutation: You are frail. (-10% HP) [potion of
                  | mutation]
   147 | D        | Lost mutation: You are frail. (-10% HP) [potion of
                  | mutation]
   147 | D        | Gained mutation: You occasionally lose the ability to read
                  | scrolls when taking damage. [potion of mutation]
   148 | D        | Lost mutation: You occasionally lose the ability to read
                  | scrolls when taking damage. [potion of mutation]
   148 | D        | Gained mutation: Your muscles are strong. (Str +4, Int/Dex
                  | -1) [potion of mutation]
   148 | D        | Gained mutation: Your body sometimes deteriorates upon
                  | taking damage. [potion of mutation]
   148 | D        | Gained mutation: You are partially covered in iridescent
                  | scales. (AC +2) [potion of mutation]
   164 | D        | Noticed a water elemental
   169 | D        | Slain by a water elemental

Illustrated notes

Levels and vault maps discovered:
D:        dungeon_sprint_mu [sprint_mu_entry_cave, sprint_mu_temple_rooms,
          sprint_mu_d1_horrors, sprint_mu_d2_genie, sprint_mu_d3_branching,
          sprint_mu_orc_legion, sprint_mu_elf_gauntlet, sprint_mu_hive_nellie,
          sprint_mu_lair_fedhas, sprint_mu_vaults_butterflies,
          sprint_mu_slime_circle, sprint_mu_swamp_cave, sprint_mu_snake_twists,
          sprint_mu_blade_basic, sprint_mu_crypt_lich, sprint_mu_tomb_spiral,
          sprint_mu_vestibule_basic, sprint_mu_gehenna_hellfire,
          sprint_mu_dis_giant, sprint_mu_tartarus_statrot,
          sprint_mu_cocytus_islands, sprint_mu_zot1]

Skill      XL: |  1  2  3 |
---------------+----------+-----
Polearms       | 5 6 |  6.1
Fighting       | 4 5 |  5.3
Armour         | 4 5 |  5.4
Shields        | 4 5 |  5.4

Action                     || total
---------------------------++-------
  Melee: Trident           ||    23
         Headbutt          ||     7
    Use: Potion            ||     2
 Armour: Scale mail        ||     7
  Dodge: Dodged            ||     4
  Block: Buckler           ||     2

Table legend: (Time is in decaauts)
 A = Elapsed time spent in this place.
 B = Non-inter-level travel time spent in this place.
 C = Inter-level travel time spent in this place.
 D = Time resting spent in this place.
 E = Time spent auto-exploring this place.
 F = Levels seen in this place.
 G = Mean time per level.
                   A        B        C        D        E       F      G
               +--------+--------+--------+--------+--------+-----+--------+
         Total |    177 |    177 |      0 |     63 |     18 |   1 |  177.0 |
       Dungeon |    177 |    177 |      0 |     63 |     18 |   1 |  177.0 |
               +--------+--------+--------+--------+--------+-----+--------+

Top non-repeatable levels by time:
       D: 177 daAuts
